 Dungeon Crawl Stone Soup version 0.21.1-1-g345015f (webtiles) character file.

81 inc the Ducker (level 4, 18/21 HPs)
             Began as a Felid Fighter on Apr 22, 2018.
             Quit the game on level 3 of the Dungeon.
             The game lasted 00:03:21 (2159 turns).

inc the Ducker (Felid Fighter)                      Turns: 2159, Time: 00:03:21

Health: 18/21      AC:  1    Str: 13    XL:     4   Next: 20%
Magic:  5/5        EV: 23    Int:  9    God:
Gold:   71         SH:  0    Dex: 16    Spells: 3/3 levels left
                                        Lives:  0   Deaths: 1

rFire    + . .     SeeInvis +     - Unarmed
rCold    + . .     Gourm    .   (shield unavailable)
rNeg     . . .     Faith    .   (armour unavailable)
rPois    .         Spirit   .   (helmet unavailable)
rElec    .         Reflect  .   (cloak unavailable)
rCorr    .         Harm     .   (gloves unavailable)
MR       .....                  (boots unavailable)
Stlth    ++........             (no amulet)
HPRegen  0.07/turn              j - ring of protection from fire
MPRegen  0.09/turn              s - ring of flight

@: quick
A: very small, no armour, no weapons or thrown items, stealth, antennae 1, claws
1, fangs 3, see invisible, carnivore, cold resistance 1, speed 1, shaggy fur 1,
slow metabolism 1, sharp paws
a: Evoke Flight


You were on level 3 of the Dungeon.
You were not hungry.

You visited 1 branch of the dungeon, and saw 3 of its levels.
You also visited: Sewer.

You collected 71 gold pieces.

Inventory:

Jewellery
 j - a ring of protection from fire (left paw)
 s - a ring of flight (right paw)
Scrolls
 d - a scroll of fog {unknown}
 f - 2 scrolls of remove curse
 g - a scroll of immolation {unknown}
 h - a scroll of enchant weapon {unknown}
 m - a scroll of amnesia {unknown}
 n - a scroll of enchant armour {unknown}
 p - 3 scrolls of noise
 q - a scroll of teleportation {unknown}
Potions
 a - a potion of curing {unknown}
 c - a potion of cancellation {unknown}
 e - 2 potions of flight {unknown}
 i - 2 potions of lignification
 k - a potion of magic {unknown}
 l - a potion of resistance {unknown}
 o - a potion of degeneration
 r - a potion of haste {unknown}
 u - a potion of heal wounds {unknown}
Comestibles
 b - 7 rations


   Skills:
 - Level 3.0 Fighting
 + Level 7.7 Dodging
 - Level 4.1 Unarmed Combat


You had 3 spell levels left.
You didn't know any spells.

Dungeon Overview and Level Annotations

Branches:
Dungeon (3/15)

Altars:
Elyvilon
Makhleb
Zin

Annotations:
D:3 Steelmeadow's ghost, weakling DrFE


Innate Abilities, Weirdness & Mutations

You cannot wear armour.
You are incapable of wielding weapons or throwing items.
Your paws allow you to move quietly. (Stealth)
You have sharp claws.
You have razor-sharp teeth.
You have supernaturally acute eyesight. (SInv)
You are carnivorous and can eat meat at any time.
You cover ground quickly.
You are covered in fur. (AC +1)
You have a slow metabolism.
Your sharp claws are effective at attacking unaware monsters.
You have a pair of small antennae on your head.
Your flesh is cold resistant. (rC+)


Message History

You claw the jackal!
You kill the jackal!
Steelmeadow's ghost casts a spell at you.
The puff of flame hits you! You resist.
* * * LOW HITPOINT WARNING * * *
A jackal comes into view.
You scratch Steelmeadow's ghost but do no damage.
Steelmeadow's ghost is moderately damaged.
Steelmeadow's ghost hits you.
You die...
You feel drained.
You are now level 4!
You rejoin the land of the living...
Found a scroll labeled HOSOTA TUUPH.
A rat comes into view.
Unknown command.
You feel extremely strange.
You feel frail. A pair of antennae grows on your head!
You feel resistant to cold.
You feel robust.
Are you sure you want to abandon this character and quit the game? (Confirm with "yes".)

#########...
#..........
#.?.......
#........##+##
#............#
+............#
#............#
#.....@......#
#............#
#........r...#
#.........#+##
#.........#
#.........#
#.........#
#########.#


You could see a rat (sleeping).

Vanquished Creatures
  A big kobold (Sewer)
  Terence (D:3)
  A worm (D:2)
  A dart slug (D:2)
  3 leopard geckos (D:3)
  3 giant cockroaches (D:3)
  7 goblins
  3 hobgoblins (D:1)
  3 jackals
  8 kobolds
  A quokka (D:2)
  A ball python (D:2)
  9 bats
  2 frilled lizards (D:1)
  26 rats
70 creatures vanquished.

Notes
Turn   | Place    | Note
-------+----------+-------------------------------------------
     0 | D:1      | inc the Felid Fighter began the quest for the Orb.
     0 | D:1      | Reached XP level 1. HP: 10/10 MP: 2/2
   152 | D:1      | Reached XP level 2. HP: 12/14 MP: 3/3
   547 | D:1      | Reached skill level 5 in Dodging
  1049 | D:2      | Reached XP level 3. HP: 17/17 MP: 4/4
  1314 | D:3      | Reached skill level 6 in Dodging
  1322 | D:3      | Found a glowing silver altar of Zin.
  1367 | D:3      | Found a white marble altar of Elyvilon.
  1377 | D:3      | Found a burning altar of Makhleb.
  1445 | D:3      | Found a glowing drain.
  1703 | Sewer    | Entered a sewer
  1771 | Sewer    | Noticed a big kobold
  1773 | Sewer    | Reached XP level 4. HP: 21/21 MP: 5/5
  1786 | Sewer    | Killed a big kobold
  1786 | Sewer    | Reached skill level 7 in Dodging
  2020 | Sewer    | Found a white marble altar of Elyvilon.
  2098 | D:3      | Noticed Terence
  2118 | D:3      | Killed Terence
  2118 | D:3      | Reached XP level 5. HP: 20/24 MP: 6/6
  2146 | D:3      | Noticed Steelmeadow's ghost (weakling DrFE)
  2157 | D:3      | Slain by Steelmeadow's ghost
  2158 | D:3      | Reached XP level 4. HP: 0/21 MP: 5/5
  2158 | D:3      | Gained mutation: You are frail. (-10% HP) [potion of mutation]
  2158 | D:3      | Gained mutation: You have a pair of small antennae on your head. [potion of mutation]
  2158 | D:3      | Gained mutation: Your flesh is cold resistant. (rC+) [potion of mutation]
  2158 | D:3      | Lost mutation: You are frail. (-10% HP) [potion of mutation]
  2159 | D:3      | Quit the game

Skill      XL: |  1  2  3  4 |
---------------+-------------+-----
Dodging        | 5 6 7 |  7.7
Fighting       | |  3.0
Unarmed Combat | |  4.1

Action                   |  1- 3 |  4- 6 || total
-------------------------+-------+-------++-------
Melee: Unarmed           |   138 |    33 ||   171
       Bite              |    14 |     7 ||    21
       Punch             |     3 |     1 ||     4
 Abil: Evoke Flight      |       |     2 ||     2
  Use: Scroll            |       |     5 ||     5
       Potion            |       |     2 ||     2
 Stab: Sleeping          |     6 |       ||     6
  Eat: Chunk             |     5 |       ||     5
Armor: Skin              |     7 |     1 ||     8
Dodge: Dodged            |    94 |    32 ||   126
